 Dungeon Crawl Stone Soup version 0.30.1-11-g7821555f0a (webtiles) character file.

Game seed: 12713088846371226293

8666 FallenXxXSky the Basher (level 11, -9/87 HPs)
             Began as a Demonspawn Gladiator on Nov 12, 2023.
             Was a High Priest of Okawaru.
             Mangled by a komodo dragon (15 damage)
             ... on level 10 of the Dungeon.
             The game lasted 00:13:27 (9223 turns).

FallenXxXSky the Basher (Demonspawn Gladiator)      Turns: 9223, Time: 00:13:28

Health: -9/87      AC: 20    Str: 18    XL:     11   Next: 12%
Magic:  14/16      EV: 13    Int: 10    God:    Okawaru [*****.]
Gold:   379        SH:  0    Dex: 15    Spells: 10/10 levels left

rFire   . . .        l - +0 whip (elec)
rCold   + . .        (no shield)
rNeg    . . .        q - +2 scale mail of Ymusub {+Blink}
rPois   +            c - +1 helmet
rElec   .            y - +2 cloak
rCorr   .            (no gloves)
SInv    .            H - +0 pair of boots
Will    .....        r - amulet of the acrobat
Stlth   ++           i - ring of protection from cold
HPRegen 0.34/turn    j - ring of poison resistance
MPRegen 0.15/turn

%: acrobat
@: heroic
A: hooves 1, powered by death 3, sharp scales 2
a: Renounce Religion, Evoke Blink, Heroism, Finesse, Duel


You were on level 10 of the Dungeon.
You worshipped Okawaru.
Okawaru was extremely pleased with you.
You visited 2 branches of the dungeon, and saw 11 of its levels.
You also visited: Sewer and Bailey.

You collected 686 gold pieces.
You spent 307 gold pieces at shops.

Inventory:

Hand Weapons
 a - a +0 flail
 l - a +0 whip of electrocution (weapon)
Missiles
 d - 3 throwing nets (quivered)
 K - 2 javelins
Armour
 c - a +1 helmet (worn)
 q - the +2 scale mail of Ymusub (worn) {+Blink}
   (You bought it in a shop on level 4 of the Dungeon)

   +Blink:    It lets you blink.
 y - a +2 cloak (worn)
 H - a +0 pair of boots (worn)
Jewellery
 i - a ring of protection from cold (left hand)
 j - a ring of poison resistance (right hand)
 r - an amulet of the acrobat (around neck)
Wands
 t - a wand of acid (8)
 x - a wand of roots (15)
 z - a wand of flame (9)
 D - a wand of paralysis (25)
 E - a wand of digging (8)
Scrolls
 e - a scroll of fog {unknown}
 k - 6 scrolls of teleportation
 m - 3 scrolls of identify
 n - a scroll of amnesia {unknown}
 o - 4 scrolls of magic mapping
 p - a scroll of vulnerability
 v - 2 scrolls of poison {unknown}
 w - a scroll of immolation {unknown}
 A - a scroll of fear {unknown}
 C - a scroll of torment {unknown}
 F - 3 scrolls of enchant armour
 G - a scroll of blinking {unknown}
Potions
 b - 3 potions of haste
 f - a potion of resistance
 g - 2 potions of invisibility
 h - 3 potions of brilliance
 s - 3 potions of heal wounds
 u - 5 potions of curing
 B - a potion of berserk rage
 I - a potion of magic {unknown}
 J - a potion of might {unknown}


   Skills:
 + Level 8.5(13.5) Fighting
 * Level 11.1(16.1) Maces & Flails
 - Level 1.7(6.7) Throwing
 + Level 6.6(11.6) Armour
 - Level 2.6(7.6) Dodging
 + Level 7.1 Invocations
 - Level 3.0 Evocations


You had 10 spell levels left.
You didn't know any spells.
Your spell library contained the following spells:

 Spells                   Type           Power      Damage    Failure   Level
 Magic Dart               Conj           0%         1d3       67%         1
 Sting                    Tmut/Pois      0%         1d3       67%         1
 Blink                    Tloc           0%         N/A       80%         2
 Lesser Beckoning         Tloc           0%         N/A       80%         2
 Momentum Strike          Conj/Tloc      0%         3d8       80%         2
 Poisonous Vapours        Pois/Air       0%         N/A       80%         2
 Scorch                   Fire           0%         2d5       80%         2
 Searing Ray              Conj           0%         2d4       80%         2
 Inner Flame              Hex/Fire       0%         N/A       95%         3
 Mephitic Cloud           Conj/Pois/Air  0%         N/A       95%         3
 Ozocubu's Armour         Ice            0%         N/A       95%         3
 Portal Projectile        Hex/Tloc       0%         N/A       95%         3
 Flame Wave               Conj/Fire      0%         2d4       100%        4
 Fulminant Prism          Conj/Hex       0%         3d5       100%        4
 Olgreb's Toxic Radiance  Pois           0%         N/A       100%        4
 Blade Hands              Tmut           0%         N/A       100%        5
 Borgnjor's Vile Clutch   Necr/Erth      0%         N/A       100%        5
 Metabolic Englaciation   Hex/Ice        0%         N/A       100%        5
 Yara's Violent Unravell  Hex/Tmut       0%         3d3       100%        5
 Enfeeble                 Hex            0%         N/A       100%        7
 Call Imp                 Summ           Unusable   N/A       N/A         2
 Tukima's Dance           Hex            Unusable   N/A       N/A         3
 Animate Dead             Necr           Unusable   N/A       N/A         4
 Death Channel            Necr           Unusable   N/A       N/A         6
 Simulacrum               Ice/Necr       Unusable   N/A       N/A         6
 Summon Cactus Giant      Summ           Unusable   N/A       N/A         6

Dungeon Overview and Level Annotations

Branches:
Dungeon (10/15)            Temple (1/1) D:5           Sewer (visited)
 Bailey (visited)
   Lair: D:8-11         Orc: D:9-12

Altars:
Cheibriados
Dithmenos
Hepliaklqana
Okawaru
Qazlal
Ru
Sif Muna
Trog
Uskayaw
Vehumet
Xom
Yredelemnul

Shops:
D:1 =   D:4 ([((

Annotations:
D:3 Eustachio
D:4 2 transporters
D:6 2 transporters


Innate Abilities, Weirdness & Mutations

You have large cloven feet.
You regenerate a lot of health from kills.
You are mostly covered in razor-sharp scales. (AC +2, Slay +2)


Message History

You are too injured to fight recklessly!
You are too injured to fight recklessly!
You are too injured to fight recklessly!
You are too injured to fight recklessly!
You are too injured to fight recklessly!
Unknown command.
The freezing wraith attacks as you move away!
The freezing wraith closely misses you. The freezing wraith hits you!
You barely miss the freezing wraith.
The freezing wraith is heavily damaged.
The freezing wraith hits you but does no damage. x2
You hit the freezing wraith but do no damage.
The freezing wraith is heavily damaged.
You gain the combat prowess of a mighty hero.
The freezing wraith hits you. The freezing wraith freezes you! You resist.
* * * LOW HITPOINT WARNING * * *
The freezing wraith hits you but does no damage.
You closely miss the freezing wraith.
The freezing wraith is heavily damaged.
The freezing wraith closely misses you.
The freezing wraith hits you but does no damage.
You hit the freezing wraith but do no damage.
Lightning courses through the freezing wraith!!
You punch the freezing wraith, but do no damage.
The freezing wraith is almost destroyed.
You hit the freezing wraith but do no damage.
Lightning courses through the freezing wraith!!
You destroy the freezing wraith!
Okawaru accepts your kill.
You hit the komodo dragon but do no damage.
The komodo dragon bites you!
* * * LOW HITPOINT WARNING * * *
You hit the komodo dragon but do no damage.
Lightning courses through the komodo dragon!
The komodo dragon is moderately wounded.
You hit the komodo dragon but do no damage.
Lightning courses through the komodo dragon!
The komodo dragon is heavily wounded.
The komodo dragon bites you!
You die...

#........#########...)#(
#........# #...)')
#........# #...÷#)
...........# #....#.
...........#########.†..##
..........................
.........................#
##########...............#
##@.P.............#
#lPP....P.........#
##...P.............#
.########...P........
............P####...
#.......PP..# ..
+.......?..P#
#...........#
#.......PP.P.


You could see a komodo dragon.

Vanquished Creatures
  A two-headed ogre (D:10)
  An orc knight (Bailey)
  An orange demon (D:10)
  A freezing wraith (D:10)
  A troll (D:9)
  Sigmund (D:2)
  20 yaks
  2 steam dragons
  A water moccasin (D:8)
  9 orc warriors
  Pargi (Sewer)
  An ice beast (D:5)
  2 black bears
  A sky beast (D:6)
  An ogre (D:6)
  3 centaurs
  A phantom (D:5)
  2 kobold brigands
  2 bullfrogs
  A gnoll sergeant (D:8)
  4 wights (D:8)
  5 howler monkeys
  2 jellies
  6 orc priests
  3 hounds (D:5)
  Crazy Yiuf (D:5)
  Ijyb (D:5)
  5 orc wizards
  5 iguanas
  18 gnolls
  8 adders
  4 river rats (D:6)
  A white imp (D:7)
  3 worms
  2 dart slugs (D:3)
  40 orcs
  8 ball pythons
  11 endoplasms
  4 giant cockroaches
  10 goblins
  14 hobgoblins
  3 quokkas (D:2)
  12 bats
  4 frilled lizards
  11 kobolds
  10 rats
248 creatures vanquished.

Notes
Turn   | Place    | Note
-------+----------+-------------------------------------------
     0 | D:1      | FallenXxXSky the Demonspawn Gladiator began the quest for
                  | the Orb.
     0 | D:1      | Reached XP level 1. HP: 16/16 MP: 1/1
     2 | D:1      | Noticed a ghoul
     2 | D:1      | Noticed a formicid
     4 | D:1      | Noticed a spriggan
     4 | D:1      | Noticed an octopode
     6 | D:1      | Noticed a human
     6 | D:1      | Noticed a demonspawn
     8 | D:1      | Noticed a merfolk
     8 | D:1      | Noticed an armataur
    12 | D:1      | Noticed a meteoran
    12 | D:1      | Noticed a vine stalker
    14 | D:1      | Noticed an elf
    14 | D:1      | Noticed a vampire
    17 | D:1      | Noticed a naga
    17 | D:1      | Noticed an ogre
    19 | D:1      | Noticed a felid
    21 | D:1      | Noticed a draconian
    21 | D:1      | Noticed a minotaur
    23 | D:1      | Noticed a troll
    23 | D:1      | Noticed a demigod
    25 | D:1      | Noticed a human
    25 | D:1      | Noticed a gargoyle
    27 | D:1      | Noticed a draconian
    27 | D:1      | Noticed a demonspawn
   147 | D:1      | Found a faded altar of an unknown god.
   204 | D:1      | Reached skill level 3 in Maces & Flails
   245 | D:1      | Gained mutation: You regenerate a little health from kills.
                  | [demonic ancestry]
   245 | D:1      | Reached XP level 2. HP: 19/22 MP: 2/2
   290 | D:1      | Found Umesm's Jewellery Boutique.
   374 | D:1      | You fall into a shaft and drop 1 floor!
   528 | D:2      | Gained mutation: You have large cloven feet. [demonic
                  | ancestry]
   528 | D:2      | Reached XP level 3. HP: 28/28 MP: 3/3
  1197 | D:2      | Noticed Sigmund
  1290 | D:3      | Reached skill level 4 in Maces & Flails
  1396 | D:3      | Gained mutation: You are partially covered in razor-sharp
                  | scales. (AC +1, Slay +1) [demonic ancestry]
  1396 | D:3      | Reached XP level 4. HP: 29/34 MP: 4/4
  1878 | D:3      | Reached XP level 5. HP: 41/41 MP: 5/5
  2043 | D:2      | Killed Sigmund
  2044 | D:2      | Reached skill level 5 in Maces & Flails
  2044 | D:2      | Reached XP level 6. HP: 34/48 MP: 6/6
  3246 | D:4      | Reached skill level 1 in Armour
  3261 | D:4      | Noticed Eustachio
  3485 | D:4      | Found a shimmering altar of Xom.
  3485 | D:4      | Found a shadowy altar of Dithmenos.
  3531 | D:4      | Reached skill level 6 in Maces & Flails
  3556 | D:4      | Found Eniy's Antique Armour Boutique.
  3565 | D:4      | Bought a crude scale mail for 225 gold pieces
  3565 | D:4      | Identified the +2 scale mail of Ymusub {+Blink} (You bought
                  | it in a shop on level 4 of the Dungeon)
  3687 | D:4      | Found Xianufa's Weapon Boutique.
  3826 | D:4      | Found a transporter.
  3826 | D:4      | Found Xuxkeott's Antique Weapon Shop.
  3847 | D:4      | Found a transporter.
  3903 | D:4      | Found Yladaq's Antique Weapon Shop.
  4012 | D:5      | Entered Level 5 of the Dungeon
  4022 | D:5      | Reached XP level 7. HP: 46/55 MP: 7/7
  4215 | D:5      | Found a staircase to the Ecumenical Temple.
  4290 | Temple   | Entered the Ecumenical Temple
  4308 | Temple   | Became a worshipper of Warmaster Okawaru
  4577 | D:5      | Noticed Ijyb
  4585 | D:5      | Reached skill level 5 in Fighting
  4599 | D:5      | Killed Ijyb
  4702 | D:5      | Reached * piety under Okawaru
  4703 | D:5      | Reached skill level 7 in Maces & Flails
  4732 | D:5      | Found a runed translucent door.
  4733 | D:5      | Noticed Crazy Yiuf
  4876 | D:5      | Killed Crazy Yiuf
  4877 | D:5      | Gained mutation: You are mostly covered in razor-sharp
                  | scales. (AC +2, Slay +2) [demonic ancestry]
  4877 | D:5      | Reached XP level 8. HP: 48/60 MP: 8/8
  4961 | D:4      | Bought a +0 whip of electrocution for 82 gold pieces
  5132 | D:6      | Found a transporter.
  5133 | D:6      | Noticed a hornet
  5134 | D:6      | Noticed a hornet
  5136 | D:6      | Found a hazy altar of Hepliaklqana.
  5136 | D:6      | Found a transporter.
  5137 | D:6      | Noticed a cyclops
  5478 | D:6      | Found a glowing drain.
  5518 | Sewer    | Entered a sewer
  5550 | Sewer    | Noticed Pargi
  5559 | Sewer    | Killed Pargi
  5560 | Sewer    | Reached skill level 8 in Maces & Flails
  6440 | D:7      | Found a flagged portal.
  6463 | Bailey   | Entered a bailey
  6479 | Bailey   | Reached ** piety under Okawaru
  6561 | Bailey   | Gained mutation: You regenerate health from kills. [demonic
                  | ancestry]
  6561 | Bailey   | Reached XP level 9. HP: 69/71 MP: 9/9
  6569 | Bailey   | Reached skill level 1 in Invocations
  6598 | Bailey   | Reached skill level 1 in Evocations
  6980 | Bailey   | Noticed an orc knight
  6980 | Bailey   | Noticed an orc knight
  6999 | Bailey   | Killed an orc knight
  7000 | Bailey   | Reached skill level 9 in Maces & Flails
  7364 | D:8      | Reached skill level 5 in Armour
  7368 | D:8      | Reached *** piety under Okawaru
  7977 | D:9      | Gained mutation: You regenerate a lot of health from kills.
                  | [demonic ancestry]
  7977 | D:9      | Reached XP level 10. HP: 71/79 MP: 13/13
  8014 | D:9      | Reached **** piety under Okawaru
  8031 | D:9      | Found a stormy altar of Qazlal.
  8072 | D:9      | Reached skill level 10 in Maces & Flails
  8082 | D:9      | Reached skill level 5 in Invocations
  8237 | D:9      | Received a gift from Okawaru
  8762 | D:10     | Entered Level 10 of the Dungeon
  8802 | D:9      | Reached ***** piety under Okawaru
  8871 | D:10     | Noticed a two-headed ogre
  8881 | D:10     | Noticed an orange demon
  8891 | D:10     | Killed a two-headed ogre
  8892 | D:10     | Reached skill level 11 in Maces & Flails
  8892 | D:10     | Reached XP level 11. HP: 45/87 MP: 12/16
  9223 | D:10     | Mangled by a komodo dragon

Illustrated notes

Levels and vault maps discovered:
D:1:      kb_arrival_jail, layout_loops_ring, shapermc_ecumenical_altar_pompeii,
          serial_shops, shop
D:2:      minmay_spotlight, layout_basic, chequers_mini_garden,
          corexii_corridor_pit, uniq_sigmund
D:3:      kennysheep_big_flooded_room, layout_basic
D:4:      layout_cave_pools, gammafunk_temple_overflow_wave, serial_shops,
          nicolae_shop_hallway_stairs, kennysheep_mini_moat,
          nicolae_shop_tiny_glass, nicolae_shop_drivethru, uniq_eustachio
D:5:      layout_basic, minmay_temple_entry_grid, uniq_ijyb,
          uniq_crazy_yiuf_cottage
D:6:      layout_loops_ring, gammafunk_temple_overflow_arena,
          portal_sewer_entry_b, serial_park_tiny_1
D:7:      layout_loops_ring, enter_bailey_7, minmay_misc_feat_four_crosses
D:8:      layout_rooms
D:9:      layout_roguey, amcnicky_altar_gilded
D:10:     layout_irregular_city, gammafunk_temple_overflow_pools,
          grunt_lair_entry_orc_guard_hut, gammafunk_ghost_hydra_chop,
          uniq_amaemon
Temple:   nicolae_temple_bog_church

Skill      XL: |  1  2  3  4  5  6  7  8  9 10 11 |
---------------+----------------------------------+-----
Maces & Flails | 3 4 5 6 7 8 9 11 | 11.1
Fighting       | 3 4 5 6 7 8 |  8.5
Armour         | 1 2 4 5 6 |  6.6
Invocations    | 4 6 7 |  7.1
Evocations     | 3 |  3.0
Throwing       | |  1.7
Dodging        | |  2.6

Action                     |  1- 3 |  4- 6 |  7- 9 | 10-12 || total
---------------------------+-------+-------+-------+-------++-------
  Melee: Flail             |   117 |   173 |    93 |       ||   383
         Punch             |     2 |     2 |     6 |    13 ||    23
         Kick              |    11 |    55 |   109 |       ||   175
         Whip              |       |       |   368 |   277 ||   645
 Invoke: Heroism           |       |       |     1 |     2 ||     3
Ability: Evoke Blink       |       |       |     1 |       ||     1
    Use: Scroll            |     2 |     2 |     4 |       ||     8
         Potion            |       |     3 |       |       ||     3
 Armour: Ring mail         |    30 |       |       |       ||    30
         Chain mail        |    15 |   107 |       |       ||   122
         Scale mail        |       |     8 |   197 |   101 ||   306
  Dodge: Dodged            |    65 |    86 |   244 |   108 ||   503
